 Dungeon Crawl Stone Soup version 0.22-a0-614-g34fbaa0 (webtiles) character file.

58 royokou the Conjurer (level 3, 0/26 HPs)
             Began as a Draconian Conjurer on July 18, 2018.
             Slain by a gnoll
             ... wielding a +0 spear
              (4 damage)
             ... on level 1 of the Dungeon.
             The game lasted 00:04:15 (1702 turns).

royokou the Conjurer (Draconian Conjurer)           Turns: 1702, Time: 00:04:16

Health: 0/26       AC:  5    Str: 10    XL:     3   Next: 75%
Magic:  2/6        EV: 12    Int: 16    God:
Gold:   61         SH:  0    Dex: 11    Spells: 1/7 levels left

rFire    . . .     SeeInvis .   c - +3 dagger
rCold    . . .     Gourm    .   (no shield)
rNeg     . . .     Faith    .   (armour unavailable)
rPois    .         Spirit   .   (helmet restricted)
rElec    .         Reflect  .   (no cloak)
rCorr    .         Harm     .   (no gloves)
MR       .....                  (no boots)
Stlth    ++........             (no amulet)
HPRegen  0.08/turn              (no ring)
MPRegen  0.10/turn              (no ring)

@: no status effects
A: unfitting armour, cold-blooded, AC +5
a: no special abilities


You were on level 1 of the Dungeon.
You were hungry.

You visited 1 branch of the dungeon, and saw 2 of its levels.

You collected 61 gold pieces.

Inventory:

Hand Weapons
 c - a +3 dagger (weapon)
Missiles
 e - 6 curare-tipped needles
 j - 5 poisoned needles
Wands
 m - a wand of polymorph (12)
Scrolls
 f - 3 scrolls of identify {unknown}
 h - a scroll of teleportation {unknown}
 k - a scroll of immolation {unknown}
Potions
 a - a potion of mutation {unknown}
 d - a potion of agility {unknown}
 g - a potion of lignification {unknown}
 i - a potion of heal wounds {unknown}
 l - 2 potions of cancellation {unknown}
Comestibles
 b - a ration


   Skills:
 - Level 1.7 Dodging
 + Level 2.1 Stealth
 + Level 2.6 Spellcasting
 * Level 4.9 Conjurations


You had one spell level left.
You knew the following spells:

 Your Spells              Type           Power        Failure   Level  Hunger
a - Magic Dart            Conj           ###.         2%          1    #......
b - Searing Ray           Conj           ###...       3%          2    ##.....
c - Dazzling Spray        Conj/Hex       ##....       22%         3    ###....

Your spell library contained the following spells:

 Spells                   Type           Power        Failure   Level  Hunger
 Iskenderun's Mystic Bla  Conj           ###.....     26%         4    #####..
 Fulminant Prism          Conj/Hex       ##........   56%         4    #####..
 Force Lance              Conj/Tloc      ##......     56%         4    #####..


Dungeon Overview and Level Annotations

Branches:
Dungeon (2/15)

Altars:

Annotations:
D:2 Sigmund


Innate Abilities, Weirdness & Mutations

Your plain brown scales are hard. (AC +5)
You cannot fit into any form of body armour.
You are cold-blooded and may be slowed by cold attacks.


Message History

The gnoll hits you with a spear.
You climb upwards.
There is a stone staircase leading down here.
Casting: Magic Dart (safe; 2% risk of failure)
Confirm with . or Enter, or press ? or * to list all spells.
Aiming: Searing Ray (safe; 3% risk of failure)
Press: ? - help, Shift-Dir - straight line, f - gnoll
Aim: a gnoll, wielding a flail The searing ray misses the gnoll. (Press . to maintain the ray.)
The gnoll hits you with a flail.
* * * LOW HITPOINT WARNING * * *
The gnoll closely misses you.
The searing ray hits the gnoll.
The gnoll is moderately wounded.
The gnoll barely misses you. x2
The searing ray hits the gnoll.
The gnoll is heavily wounded.
The gnoll hits you but does no damage. The gnoll hits you with a spear.
You die...

####......# #......# #......#
#......# ###'#### #.# #.#
#######################.######
#...........g@g...............
#.#####################.######
#.# #.###### #.# #....... #.#
######## #.# #.# #.# #.#


You could see 2 gnolls.

Vanquished Creatures
  2 gnolls (D:2)
  An adder (D:2)
  2 dart slugs (D:1)
  A leopard gecko (D:1)
  3 bats
  3 giant cockroaches
  4 goblins
  A hobgoblin (D:1)
  A quokka (D:2)
  4 frilled lizards (D:1)
  A kobold (D:2)
  5 rats
28 creatures vanquished.

Notes
Turn   | Place    | Note
-------+----------+-------------------------------------------
     0 | D:1      | royokou the Draconian Conjurer began the quest for the Orb.
     0 | D:1      | Reached XP level 1. HP: 14/14 MP: 3/3
   118 | D:1      | Reached XP level 2. HP: 16/20 MP: 0/5
   122 | D:1      | Learned a level 2 spell: Searing Ray
  1179 | D:2      | Reached XP level 3. HP: 26/26 MP: 1/6
  1256 | D:2      | Learned a level 3 spell: Dazzling Spray
  1488 | D:2      | Noticed Sigmund
  1702 | D:1      | Slain by a gnoll

Vault maps used:
D:1:      tarquinn_simple_flora_water_d, minmay_misc_feat_five, kennysheep_boxes
D:2:      grunt_temple_overflow_gold_and_silver, lemuel_doored_altar,
          yredelemnul_altar_generic, lemuel_round_altar, first_ration,
          serial_glass, glass_columns_c, glass_columns_a, glass_columns_c,
          glass_columns_a, glass_columns_a, glass_columns_a, glass_columns_c,
          glass_columns_a, uniq_sigmund, uniq_terence

Skill      XL: |  1  2  3 |
---------------+----------+-----
Stealth        | 2 |  2.1
Dodging        | |  1.7
Spellcasting   | |  2.6
Conjurations   | |  4.9

Action                   || total
-------------------------++-------
Melee: Unarmed           ||     9
       Tailslap          ||     3
       Dagger            ||    48
 Cast: Magic Dart        ||    18
       Searing Ray       ||     3
 Stab: Sleeping          ||     1
  Eat: Chunk             ||     2
Armor: Skin              ||    21
Dodge: Dodged            ||    60

Table legend:
 A = Spawn XP
 B = Non-spawn XP
 C = Spawn XP percentage of total XP
 D = Spawn monster count
 E = Non-spawn monster count
 F = Spawn count percentage of total count
 G = Total turns spent on level
                    A         B        C        D         E        F      G
               +---------+---------+-------+---------+---------+-------+---------
         Total |       0 |      83 |   0.0 |       0 |      28 |   0.0 |  1702
               +---------+---------+-------+---------+---------+-------+---------
           D:1 |       0 |      33 |   0.0 |       0 |      18 |   0.0 |  1471
           D:2 |       0 |      50 |   0.0 |       0 |      10 |   0.0 |   231
               +---------+---------+-------+---------+---------+-------+---------
